 Dungeon Crawl Stone Soup version 0.32-a0-22-g6ae6769602 (webtiles) character file.

Game seed: 1163407441335459033

424 LeprechaunX the Changeling (level 6, 0/41 HPs)
             Began as an Octopode Shapeshifter on Jan 18, 2024.
             Was a Priest of Uskayaw.
             Slain by an orc
             ... wielding a +0 whip
              (5 damage)
             ... on level 5 of the Dungeon.
             The game lasted 00:04:13 (3131 turns).

LeprechaunX the Changeling (Octopode Shapeshifter)  Turns: 3131, Time: 00:04:14

Health: 0/41       AC:  1    Str: 13    XL:     6   Next: 96%
Magic:  15/15      EV:  9    Int: 12    God:    Uskayaw [***...]
Gold:   161        SH: 12    Dex: 14    Spells: 5/5 levels left

rFire   . .          .
                       - Unarmed
rCold   . . .        o - +0 tower shield
rNeg    . . .        (helmet currently unavailable)
rPois   .            (no amulet)
rElec   .            i - ring of magical power
rCorr   .            (no ring)
SInv    .            (no ring)
Will    .....        (no ring)
Stlth   ++           (no ring)
HPRegen 0.26/turn    (no ring)
MPRegen 0.14/turn    (no ring)
                     (no ring)

%: no passive effects
@: beast-form
A: beast (slay +2), almost no armour, amphibious, 8 rings, camouflage 1,
gelatinous body 1, (nimble swimmer 1), tentacles
a: Begin Untransformation, Renounce Religion, Stomp, Line Pass


You were on level 5 of the Dungeon.
You worshipped Uskayaw.
Uskayaw was noncommittal.
You were a hulking beast.
You visited 1 branch of the dungeon, and saw 5 of its levels.

You collected 161 gold pieces.

Inventory:

Hand Weapons
 a - the +6 sling "Myar" {heavy, rElec rCorr Int-2}
   (You took it off a goblin on level 4 of the Dungeon)

   Int-2:     It affects your intelligence (-2).
   rElec:     It insulates you from electricity.
   rCorr:     It protects you from acid and corrosion.
Missiles
 k - 6 atropa-tipped darts (quivered)
 p - 5 silver javelins
Armour
 o - a +0 tower shield (worn)
Jewellery
 i - a ring of magical power (left tentacle)
Talismans
 b - a beast talisman
 c - a flux talisman
 j - a maw talisman
Scrolls
 e - a scroll of revelation {unknown}
 f - 2 scrolls of identify {unknown}
 m - a scroll of fog {unknown}
Potions
 d - 4 potions of curing {unknown}
 g - a potion of lignification
 h - a potion of mutation {unknown}
 l - 4 potions of berserk rage {unknown}
 n - 2 potions of invisibility {unknown}
 q - a potion of haste {unknown}


   Skills:
 + Level 2.8 Fighting
 + Level 1.8 Throwing
 - Level 3.0 Dodging
 + Level 1.5 Shields
 + Level 4.2 Unarmed Combat
 * Level 4.8 Shapeshifting


You had 5 spell levels left.
You didn't know any spells.
Your spell library contained the following spells:

 Spells                   Type           Power      Damage    Failure   Level
 Freeze                   Ice            0%         1d3       100%        1
 Frozen Ramparts          Ice            0%         1d1       100%        3
 Hailstorm                Conj/Ice       0%         3d5       100%        3
 Tukima's Dance           Hex            0%         N/A       100%        3
 Passage of Golubria      Tloc           0%         N/A       100%        4
 Yara's Violent Unravell  Hex/Alch       0%         3d3       100%        5


Dungeon Overview and Level Annotations

Branches:
Dungeon (5/15)
 Temple: D:4-7

Altars:
Uskayaw

Shops:
D:3 [(:


Innate Abilities, Weirdness & Mutations

You are a hulking beast.
Your limbs bulge with bestial killing power. (Slay +2)
You cannot wear most types of armour.
You are amphibious.
You can wear up to eight rings at the same time.
Your skin changes colour to match your surroundings (Stealth+).
Your rubbery body absorbs attacks. (AC +1, EV +1)
((You are camouflaged when in or above water. (Stealth+)))
You have tentacles for arms and can constrict up to eight enemies at once.


Message History

You feel very sick.
A quokka comes into view.
You block the scorpion's attack. The orc hits you with a +0 dagger.
A hound comes into view.
The scorpion barely misses you.
The quokka moves out of view.
The hound barks!
You tentacle-slap the orc. You squeeze the orc.
You kill the orc!
You constrict the scorpion.
You feel very sick.
You hear a shout!
You hear an angry hiss.
You hear a shout!
The scorpion stings you. The orc closely misses you.
You can now pass through a line of other dancers.
Unknown command.
You bludgeon the scorpion!
The scorpion is severely wounded.
You constrict the scorpion.
You feel sick. You block the scorpion's attack.
The orc hits you with a +0 whip.
* * * LOW HITPOINT WARNING * * *
You block the scorpion's attack.
Unknown command.
You tentacle-slap the scorpion.
You kill the scorpion!
You feel sick. You block the orc's attack. x2
Unknown command.
You tentacle-slap the orc but do no damage.
You grab the orc. You squeeze the orc.
The orc is lightly wounded.
You constrict the orc, but do no damage.
You feel sick. You block the orc's attack. x3
Uskayaw will force your foes to helplessly watch your dance.
Uskayaw prepares the audience for your solo!
The helpless orc fails to defend itself.
You tentacle-slap the orc. You grab the orc. You squeeze the orc.
You kill the orc!
You constrict the orc.
You feel sick.
You are no longer poisoned.
The hound is no longer paralysed.
The orc is no longer paralysed. x3
The quokka is no longer paralysed.
The orc hits you with a +0 whip.
You die...

.. o..##... ..
... ...... ...
...##....# ....
...?..<..#.....
..............:
.......o#
......ro#
#....#oh# ####
##h# #...#
#..... ##......
#........
.........
.........
........$


You could see a hound, 3 orcs and a quokka.

Vanquished Creatures
  An ogre (D:4)
  A phantom (D:4)
  A scorpion (D:5)
  An orc priest (D:3)
  A hound (D:4)
  5 adders
  A ribbon worm (D:3)
  15 orcs
  6 endoplasms
  4 giant cockroaches
  10 goblins
  8 hobgoblins
  4 jackals (D:2)
  3 kobolds
  A quokka (D:1)
  11 ball pythons
  3 bats
  3 frilled lizards
  4 rats
83 creatures vanquished.

Notes
Turn   | Place    | Note
-------+----------+-------------------------------------------
     0 | D:1      | LeprechaunX the Octopode Shapeshifter began the quest for
                  | the Orb.
     0 | D:1      | Reached XP level 1. HP: 13/13 MP: 1/1
    76 | D:1      | Reached XP level 2. HP: 14/18 MP: 2/2
   454 | D:1      | Reached XP level 3. HP: 19/23 MP: 3/3
   762 | D:2      | Found a hide-covered altar of Uskayaw.
   834 | D:2      | Became a worshipper of Uskayaw the Reveller
  1015 | D:2      | Reached * piety under Uskayaw
  1031 | D:2      | Reached ** piety under Uskayaw
  1243 | D:2      | Reached XP level 4. HP: 22/29 MP: 4/4
  1641 | D:3      | Found Baseolo's Antique Armour Shoppe.
  1695 | D:3      | Found Usyalouc's Antique Weapon Emporium.
  1718 | D:3      | Reached *** piety under Uskayaw
  1721 | D:3      | Reached **** piety under Uskayaw
  1722 | D:3      | Reached XP level 5. HP: 31/34 MP: 5/5
  1770 | D:3      | Found Yggiefiq's Book Shop.
  2325 | D:4      | Noticed an ogre
  2338 | D:4      | Killed an ogre
  2339 | D:4      | Reached skill level 1 in Throwing
  2339 | D:4      | Reached XP level 6. HP: 31/41 MP: 6/6
  2390 | D:4      | Identified the +6 sling "Myar" {heavy, rElec rCorr Int-2}
  2632 | D:4      | Reached skill level 1 in Shields
  3115 | D:5      | Entered Level 5 of the Dungeon
  3131 | D:5      | Slain by an orc

Illustrated notes

Levels and vault maps discovered:
D:1:      saegor_arrival_simple_a, layout_loops_cross
D:2:      minmay_wonky_spiral, layout_loops_cross, basic_altar,
          grunt_decor_resistance, hangedman_decor_riveting
D:3:      layout_loops_cross, serial_shops, shop_fountains, shop, shop,
          serial_park_tiny_1
D:4:      layout_loops_ring, serial_bayou_lagoon_b
D:5:      layout_cave_pools

Skill      XL: |  1  2  3  4  5  6 |
---------------+-------------------+-----
Fighting       | 2 |  2.8
Shapeshifting  | 4 |  4.8
Throwing       | 1 |  1.8
Dodging        | 3 |  3.0
Unarmed Combat | 4 |  4.2
Shields        | 1 |  1.5

Action                     |  1- 3 |  4- 6 || total
---------------------------+-------+-------++-------
  Melee: Unarmed           |    62 |    97 ||   159
         Constrict         |    15 |    27 ||    42
         Tentacles         |     9 |    29 ||    38
         Punch             |     1 |     5 ||     6
   Stab: Sleeping          |     3 |     8 ||    11
         Paralysed         |       |     3 ||     3
 Armour: Skin              |    19 |    35 ||    54
  Dodge: Dodged            |    29 |    32 ||    61
  Block: Tower shield      |       |    38 ||    38

Table legend: (Time is in decaauts)
 A = Elapsed time spent in this place.
 B = Non-inter-level travel time spent in this place.
 C = Inter-level travel time spent in this place.
 D = Time resting spent in this place.
 E = Time spent auto-exploring this place.
 F = Levels seen in this place.
 G = Mean time per level.
                   A        B        C        D        E       F      G
               +--------+--------+--------+--------+--------+-----+--------+
         Total |   3143 |   2940 |    203 |    125 |   2336 |   5 |  628.6 |
       Dungeon |   3143 |   2940 |    203 |    125 |   2336 |   5 |  628.6 |
               +--------+--------+--------+--------+--------+-----+--------+

Top non-repeatable levels by time:
     D:2: 925 daAuts
     D:4: 810 daAuts
     D:1: 698 daAuts
     D:3: 690 daAuts
     D:5: 19 daAuts
